 Seeded DCSS version 0.26-a0-1132-ge9770dfcb6 (webtiles) character file.

Game seed: 2885371471404047460 (custom seed)

674 bronco the Ruffian (level 7, -4/68 HPs)
             Began as a Troll Berserker on Dec 21, 2020.
             Was an Elder of Trog.
             Killed by divine providence
             ... invoked by an orc priest
              (9 damage)
             ... on level 5 of the Dungeon.
             The game lasted 00:06:30 (3404 turns).

bronco the Ruffian (Troll Berserker)                Turns: 3404, Time: 00:06:31

Health: -4/68      AC:  6    Str: 27    XL:     7   Next: 33%
Magic:  6/6        EV: 11    Int:  4    God:    Trog [****..]
Gold:   296        SH:  0    Dex:  9    Spells: 6/6 levels left

rFire    . . .     SeeInvis .     - Unarmed
rCold    . . .     Faith    .   (no shield)
rNeg     . . .     Spirit   .   a - +0 animal skin
rPois    +         Reflect  .   (helmet restricted)
rElec    .         Harm     .   A - scarf {shadows}
rCorr    .         Rampage  .   (gloves unavailable)
Will     .....                  (boots unavailable)
Stlth    +.........             (no amulet)
HPRegen  0.61/turn              s - ring of poison resistance
MPRegen  0.10/turn              w - ring of flight

@: studying Dodging
A: large, unfitting armour, claws 3, regeneration 1, shaggy fur 1, tough skin 3
a: Renounce Religion, Evoke Flight, Berserk, Trog's Hand, Brothers in Arms


You were on level 5 of the Dungeon.
You worshipped Trog.
Trog was greatly pleased with you.
You visited 1 branch of the dungeon, and saw 5 of its levels.

You collected 296 gold pieces.

Inventory:

Missiles
 f - 168 stones
 h - 28 poisoned darts
Armour
 a - a +0 animal skin (worn)
 g - a +0 chain mail
 A - a scarf of shadows (worn)
Jewellery
 s - a ring of poison resistance (left claw)
 w - a ring of flight (right claw)
Wands
 v - a wand of polymorph (4)
Scrolls
 c - a scroll of enchant weapon {unknown}
 d - a scroll of noise {unknown}
 j - 5 scrolls of remove curse {unknown}
 m - 3 scrolls of teleportation {unknown}
 n - 5 scrolls of identify {unknown}
 q - 2 scrolls of amnesia {unknown}
 r - a scroll of blinking {unknown}
 x - 2 scrolls of fog {unknown}
 y - a scroll of fear {unknown}
Potions
 b - a potion of ambrosia {unknown}
 e - 3 potions of cancellation {unknown}
 i - a potion of magic {unknown}
 k - 2 potions of curing {unknown}
 l - 2 potions of lignification {unknown}
 o - 2 potions of mutation {unknown}
 p - a potion of flight {unknown}
 t - 2 potions of degeneration {unknown}
 u - 2 potions of invisibility
 B - a potion of attraction {unknown}
Books
 z - a manual of Dodging


   Skills:
 + Level 3.6 Fighting
 + Level 4.2 Dodging
 + Level 0.5 Stealth
 + Level 6.7 Unarmed Combat


You had 6 spell levels left.
You didn't know any spells.
Your spell library was empty.

Dungeon Overview and Level Annotations

Branches:
Dungeon (5/15)             Temple (0/1) D:4

Altars:

Annotations:
D:4 1 runed translucent door, WaxSun's ghost, amateur OgAr


Innate Abilities, Weirdness & Mutations

You are too large for most types of armour.
You have claws for hands.
Your natural rate of healing is unusually fast.
You are covered in fur. (AC +1)
You have extremely tough skin. (AC +3)


Message History

You are too injured to fight recklessly!
You are too injured to fight recklessly!
You are too injured to fight recklessly!
You are too injured to fight recklessly!
You are too injured to fight recklessly!
You are too injured to fight recklessly!
You barely miss the orc priest. Your claw misses the orc priest.
The orc priest calls down the wrath of Beogh upon you.
Pain shoots through your body!
The orc priest mumbles some strange prayers to Beogh against you.
Pain shoots through your body!
* * * LOW HITPOINT WARNING * * *
The orc priest calls down the wrath of Beogh upon you.
Beogh smites you!
* * * LOW HITPOINT WARNING * * *
You claw the orc priest!
The orc priest is almost dead.
The orc priest mumbles some strange prayers to Beogh against you.
Beogh smites you!
You die...

.....#...#. ........#.#.
#.........#######.#.
#......... #.#. #.
#......... #.## #.#
#......... #... # #.#
#........) #### #.#.#
#..o...... #... #.#.#
#..@...<.. #.##
#.#.#####....... #.#.
#..(...)))...... #.#.
#...#####....... #.#.
#...# #....... #.#.
#...############ #.#.
#.........# #.#. #
#..######.#############.#.
#.#..#
#...............#.#.


You could see an orc priest.

Vanquished Creatures
  An ice beast (D:5)
  A phantom (D:4)
  A howler monkey (D:4)
  2 hounds
  2 orc priests
  An iguana (D:5)
  Jessica (D:2)
  Ijyb (D:3)
  2 worker ants (D:4)
  A hound zombie (D:5)
  Robin (D:3)
  6 adders
  A shadow imp (D:5)
  A white imp (D:5)
  An ufetubus (D:5)
  An ooze (D:2)
  2 worms
  3 dart slugs
  3 leopard geckos (D:2)
  11 orcs
  8 bats
  16 goblins
  10 hobgoblins
  5 jackals
  A quokka (D:2)
  4 ball pythons
  3 frilled lizards
  A giant cockroach zombie (D:5)
  8 kobolds
  5 rats
104 creatures vanquished.

Notes
Turn   | Place    | Note
-------+----------+-------------------------------------------
     0 | D:1      | bronco the Troll Berserker began the quest for the Orb.
     0 | D:1      | Reached XP level 1. HP: 22/22 MP: 0/0
   164 | D:1      | Reached XP level 2. HP: 24/29 MP: 1/1
   204 | D:2      | Found a faded altar of an unknown god.
   351 | D:3      | Reached XP level 3. HP: 24/36 MP: 2/2
   494 | D:4      | Reached XP level 4. HP: 28/45 MP: 3/3
   524 | D:4      | Reached skill level 4 in Unarmed Combat
   593 | D:4      | Noticed a phantom
   651 | D:4      | Killed a phantom
   652 | D:4      | Reached XP level 5. HP: 39/53 MP: 4/4
   773 | D:4      | Reached ** piety under Trog
   796 | D:4      | Found a staircase to the Ecumenical Temple.
   970 | D:4      | Reached skill level 5 in Unarmed Combat
  1046 | D:4      | Found a runed translucent door.
  1046 | D:4      | Noticed WaxSun's ghost (amateur OgAr)
  1128 | D:3      | Noticed Robin
  1172 | D:4      | Reached XP level 6. HP: 48/61 MP: 5/5
  1289 | D:3      | Killed Robin
  1555 | D:3      | Noticed Ijyb
  1568 | D:3      | Killed Ijyb
  1606 | D:3      | Reached *** piety under Trog
  2121 | D:2      | Noticed Jessica
  2132 | D:2      | Killed Jessica
  2868 | D:5      | Entered Level 5 of the Dungeon
  2913 | D:5      | Reached skill level 6 in Unarmed Combat
  2984 | D:5      | Noticed an ice beast
  3031 | D:5      | Killed an ice beast
  3032 | D:5      | Reached XP level 7. HP: 58/67 MP: 6/6
  3132 | D:5      | Reached **** piety under Trog
  3404 | D:5      | Killed from afar by an orc priest

Illustrated notes

Levels and vault maps discovered:
D:1:      lemuel_arrival_tunnels, layout_basic
D:2:      layout_basic, chequers_ecumenical_altar_island, uniq_jessica
D:3:      layout_basic, uniq_robin, uniq_ijyb
D:4:      layout_basic, temple_doors_e, ebering_ghost_inner_flame
D:5:      layout_basic, minmay_manual_moon

Skill      XL: |  1  2  3  4  5  6 |
---------------+-------------------+-----
Fighting       | 3 |  3.6
Dodging        | 3 4 |  4.2
Unarmed Combat | 4 5 6 |  6.7
Stealth        | |  0.5

Action                   |  1- 3 |  4- 6 |  7- 9 || total
-------------------------+-------+-------+-------++-------
Melee: Unarmed           |    51 |   221 |    22 ||   294
       Punch             |     1 |     3 |       ||     4
 Stab: Sleeping          |     1 |       |       ||     1
       Distracted        |       |     1 |       ||     1
Armor: Animal skin       |    14 |    68 |     6 ||    88
       Skin              |       |     6 |       ||     6
Dodge: Dodged            |    16 |   121 |     7 ||   144

Table legend: (Time is in decaauts)
 A = Elapsed time spent in this place.
 B = Non-inter-level travel time spent in this place.
 C = Inter-level travel time spent in this place.
 D = Time resting spent in this place.
 E = Time spent auto-exploring this place.
 F = Levels seen in this place.
 G = Mean time per level.
                   A        B        C        D        E       F      G
               +--------+--------+--------+--------+--------+-----+--------+
         Total |   3387 |   3132 |    255 |     29 |   2466 |   5 |  677.4 |
       Dungeon |   3387 |   3132 |    255 |     29 |   2466 |   5 |  677.4 |
               +--------+--------+--------+--------+--------+-----+--------+

Top non-repeatable levels by time:
     D:4: 864 daAuts
     D:2: 696 daAuts
     D:3: 650 daAuts
     D:1: 646 daAuts
     D:5: 530 daAuts
